 Dungeon Crawl Stone Soup version 0.21-a0-221-gfe971b9 (webtiles) character file.

1279 Manul the Chopper (level 8, -2/60 HPs)
             Began as a Mummy Gladiator on Aug 27, 2017.
             Was an Initiate of Gozag.
             Slain by a gnoll
             ... wielding a +0 halberd
              (15 damage)
             ... on level 6 of the Dungeon.
             The game lasted 00:07:18 (6431 turns).

Manul the Chopper (Mummy Gladiator)                 Turns: 6431, Time: 00:07:19

Health: -2/60      AC:  7    Str: 19    XL:     8   Next: 29%
Magic:  10/10      EV: 13    Int:  7    God:    Gozag
Gold:   742        SH:  0    Dex: 14    Spells: 7/9 levels left

rFire    x . .     SeeInvis .   u - +2 whip (freeze)
rCold    + + .     Gourm    +   (no shield)
rNeg     + + +     Faith    .   h - +0 ring mail
rPois    ∞         Spirit   .   c - +0 helmet
rElec    .         Reflect  .   (no cloak)
rCorr    .         Harm     .   (no gloves)
MR       +....                  (no boots)
Stlth    +.........             n - amulet of the gourmand
HPRegen  0.20/turn              i - ring of wizardry
MPRegen  0.12/turn              v - ring of protection from cold

@: about to teleport
A: no food or potions, fire vulnerability, cold resistance 1, negative energy
resistance 3, torment resistance, unbreathing
a: Potion Petition, Call Merchant, Bribe Branch, Renounce Religion


You were on level 6 of the Dungeon.
You worshipped Gozag.
Gozag was pleased with you.
You were not hungry.

You visited 1 branch of the dungeon, and saw 6 of its levels.

You collected 766 gold pieces.
You paid 24 gold pieces to Gozag.

Inventory:

Hand Weapons
 a - a +0 war axe
 p - a +2 dagger of freezing
 u - a +2 whip of freezing (weapon)
Missiles
 d - a throwing net (quivered)
Armour
 b - a +0 leather armour
 c - a +0 helmet (worn)
 h - a +0 ring mail (worn)
 t - a +0 robe
Jewellery
 i - a ring of wizardry (left hand)
 n - an amulet of the gourmand (around neck)
 v - a ring of protection from cold (right hand)
Scrolls
 e - a scroll of enchant weapon {unknown}
 f - 4 scrolls of identify
 g - a scroll of recharging {unknown}
 j - a scroll of teleportation
 k - a scroll of immolation
 l - 2 scrolls of amnesia
 m - 2 scrolls of fog {unknown}
 o - a scroll of noise {unknown}
 q - a scroll of remove curse
 s - a scroll of random uselessness
Books
 r - a book of Necromancy

   Spells                             Type                      Level
   a - Pain                           Necromancy                   1
   b - Animate Skeleton               Necromancy                   1
   c - Vampiric Draining              Necromancy                   3
   d - Regeneration                   Charms/Necromancy            3
   e - Animate Dead                   Necromancy                   4
   f - Control Undead                 Necromancy                   4


   Skills:
 + Level 4.3 Fighting
 + Level 6.0 Axes
 - Level 1.7 Throwing
 + Level 3.8 Armour
 + Level 3.9 Dodging
 + Level 1.4 Spellcasting
 + Level 0.8 Necromancy


You had 7 spell levels left.
You knew the following spells:

 Your Spells              Type           Power        Failure   Level  Hunger
a - Pain                  Necr           #...         19%         1    N/A
b - Animate Skeleton      Necr           N/A          19%         1    N/A

Dungeon Overview and Level Annotations

Branches:
Dungeon (6/15)             Temple (0/1) D:5

Altars:
Gozag
Ru


Innate Abilities, Weirdness & Mutations

You do not eat or drink.
Your flesh is vulnerable to fire.
You are immune to poison.
Your flesh is cold resistant. (rC+)
You are immune to negative energy. (rN+++)
You are immune to unholy pain and torment.
You can survive without breathing.


Message History

As you read the scroll labeled KOTURR VUBOERPH, it crumbles to dust.
The creatures around you are filled with an inner flame!
It was a scroll of immolation.
The crimson imp blinks!
The gnoll barely misses you.
As you read the scroll labeled LETTEL ANELEUB, it crumbles to dust.
You feel strangely unstable.
It was a scroll of teleportation.
The gnoll closely misses you. The crimson imp misses you.
The gnoll hits you with a halberd.
Unknown command.
You hit the crimson imp. You freeze the crimson imp.
The crimson imp is moderately wounded.
The crimson imp closely misses you. The gnoll barely misses you.
You closely miss the crimson imp.
The crimson imp is lightly wounded.
The gnoll closely misses you.
The crimson imp blinks!
The gnoll hits you from afar with a halberd!
* * * LOW HITPOINT WARNING * * *
The gnoll hits you from afar with a halberd!
You die...
Your body crumbles into a pile of gold.

#.. #..# #.5#
##... #...#
#...+
#...#########
+...@.gggg...
#...#########
####....#
#.##.# #.##.#
#.##.# #.##.#
#.##.# ..##.#


You could see 4 gnolls and a crimson imp (inner flame).

Vanquished Creatures
  Pikel (D:6)
  An ogre (D:4)
  A phantom (D:3)
  A sky beast (D:5)
  A centaur (D:5)
  A howler monkey (D:5)
  A bullfrog zombie (D:5)
  2 hounds
  An orc wizard (D:5)
  An iguana (D:4)
  2 worker ants (D:4)
  A hound zombie (D:6)
  3 gnolls (D:3)
  9 adders
  2 river rats (D:5)
  2 adder zombies
  An adder skeleton (D:5)
  3 worms
  A dart slug (D:4)
  5 leopard geckos
  12 orcs
  A ball python (D:2)
  3 giant cockroaches
  6 goblins
  4 hobgoblins
  13 jackals
  A quokka (D:3)
  A bat (D:2)
  3 frilled lizards
  7 kobolds
  6 rats
97 creatures vanquished.

Vanquished Creatures (others)
  A wight (D:6)
  A worker ant (D:6)
2 creatures vanquished.

Grand Total: 99 creatures vanquished

Notes
Turn   | Place    | Note
-------+----------+-------------------------------------------
     0 | D:1      | Manul the Mummy Gladiator began the quest for the Orb.
     0 | D:1      | Reached XP level 1. HP: 16/16 MP: 1/1
   646 | D:2      | Reached XP level 2. HP: 6/22 MP: 2/2
   965 | D:2      | Found an opulent altar of Gozag.
   974 | D:2      | Became a worshipper of Gozag Ym Sagoz the Greedy
  1488 | D:2      | Reached XP level 3. HP: 27/27 MP: 3/3
  1562 | D:3      | Noticed a phantom
  1718 | D:3      | Reached skill level 3 in Axes
  2464 | D:3      | Reached XP level 4. HP: 22/34 MP: 4/4
  2527 | D:2      | Reached skill level 1 in Armour
  2781 | D:4      | Reached XP level 5. HP: 18/39 MP: 5/5
  3355 | D:4      | Noticed an ogre
  3368 | D:4      | Killed an ogre
  3368 | D:4      | Reached skill level 4 in Axes
  3368 | D:4      | Reached XP level 6. HP: 18/46 MP: 6/6
  3833 | D:5      | Entered Level 5 of the Dungeon
  3928 | D:5      | Learned a level 1 spell: Pain
  4441 | D:5      | Found a staircase to the Ecumenical Temple.
  4444 | D:5      | Noticed a sky beast
  4928 | D:5      | Killed a sky beast
  4928 | D:5      | Reached skill level 1 in Spellcasting
  4979 | D:5      | Reached XP level 7. HP: 49/52 MP: 8/8
  5249 | D:5      | Learned a level 1 spell: Animate Skeleton
  5404 | D:5      | Found a sacrificial altar of Ru.
  5484 | D:5      | Reached skill level 5 in Axes
  5776 | D:6      | Noticed Pikel
  5794 | D:6      | Killed Pikel
  5794 | D:6      | Reached XP level 8. HP: 23/60 MP: 10/10
  6268 | D:6      | Reached skill level 6 in Axes
  6431 | D:6      | Slain by a gnoll

Vault maps used:
D:1:      matt_arrival_refuge
D:2:      hangedman_glass_teeth, nicolae_gozag_seed_capital
D:3:      first_bread
D:5:      lemuel_doored_altar, minmay_temple_entry_nine_rooms,
          lightli_sewer_entry_pipes
D:6:      nicolae_ossuary_entry_monument, st_stairs_5, uniq_pikel,
          uniq_prince_ribbit1

Skill      XL: |  1  2  3  4  5  6  7  8 |
---------------+-------------------------+-----
Axes           | 3 4 5 6 |  6.0
Armour         | 1 2 3 |  3.8
Dodging        | 3 |  3.9
Fighting       | 3 4 |  4.3
Spellcasting   | 1 |  1.4
Throwing       | |  1.7
Necromancy     | |  0.8

Action                   |  1- 3 |  4- 6 |  7- 9 || total
-------------------------+-------+-------+-------++-------
Melee: War axe           |   103 |   115 |   141 ||   359
       Dagger            |    57 |    56 |       ||   113
       Whip              |       |       |    26 ||    26
Throw: Throwing net      |       |     2 |       ||     2
 Cast: Pain              |       |     8 |       ||     8
  Use: Scroll            |       |     1 |     4 ||     5
 Stab: Held in net/web   |       |     2 |       ||     2
Armor: Ring mail         |    69 |    46 |    49 ||   164
       Robe              |       |     3 |       ||     3
Dodge: Dodged            |   123 |   112 |   141 ||   376

Table legend:
 A = Spawn XP
 B = Non-spawn XP
 C = Spawn XP percentage of total XP
 D = Spawn monster count
 E = Non-spawn monster count
 F = Spawn count percentage of total count
 G = Total turns spent on level
                    A         B        C        D         E        F      G
               +---------+---------+-------+---------+---------+-------+---------
         Total |     330 |    1498 |  18.1 |      20 |      79 |  20.2 |  6431
               +---------+---------+-------+---------+---------+-------+---------
           D:1 |       1 |      11 |   8.3 |       1 |       7 |  12.5 |   893
           D:2 |      30 |      19 |  61.2 |       4 |      10 |  28.6 |  1009
           D:3 |      47 |     182 |  20.5 |       5 |      20 |  20.0 |  1100
           D:4 |     134 |     172 |  43.8 |       7 |       7 |  50.0 |  1583
           D:5 |     116 |     400 |  22.5 |       2 |      29 |   6.5 |  1557
           D:6 |       2 |     714 |   0.3 |       1 |       6 |  14.3 |   289
               +---------+---------+-------+---------+---------+-------+---------
